 Dungeon Crawl Stone Soup version 0.19.1 (webtiles) character file.

367 Faustar the Ruffian (level 6, -1/54 HPs)
             Began as a Troll Transmuter on Dec 22, 2016.
             Slain by groda1's ghost (19 damage)
             ... on level 4 of the Dungeon.
             The game lasted 00:02:21 (1691 turns).

Faustar the Ruffian (Troll Transmuter)              Turns: 1691, Time: 00:02:22

Health: -1/54      AC:  5    Str: 21    XL:     6   Next: 41%
Magic:  6/6        EV: 10    Int:  9    God:
Gold:   260        SH:  0    Dex: 10    Spells: 1 memorised, 6 levels left

rFire  . . .     SeeInvis .       - Unarmed
rCold  . . .     Gourm    +     b - +0 robe
rNeg   . . .     Faith    .     (no shield)
rPois  .         Spirit   .     (helmet restricted)
rElec  .         Reflect  .     (no cloak)
rCorr  .         Harm     +     (gloves unavailable)
MR     .....                    (boots unavailable)
Stlth  +.........               p - amulet of harm
                                (no ring)
                                f - ring of wizardry

@: no status effects
A: unfitting armour, claws 3, fast metabolism 3, gourmand, regeneration 1,
shaggy fur 1, tough skin 2
a: no special abilities


You were on level 4 of the Dungeon.
You were full.

You visited 1 branch of the dungeon, and saw 4 of its levels.

You collected 260 gold pieces.

Inventory:

Missiles
 a - 12 arrows
Armour
 b - a +0 robe (worn)
Jewellery
 f - a ring of wizardry (left claw)
 g - an uncursed amulet of harm
 p - an amulet of harm (around neck)
 q - an uncursed ring of magical power {unknown}
Scrolls
 e - 3 scrolls of identify {unknown}
 h - 3 scrolls of teleportation {unknown}
 j - a scroll of remove curse {unknown}
 k - a scroll of amnesia {unknown}
 n - a scroll of recharging {unknown}
 o - a scroll of immolation {unknown}
 x - a scroll of fear {unknown}
 y - 2 scrolls of random uselessness {unknown}
Potions
 m - 2 potions of degeneration {unknown}
 r - a potion of curing {unknown}
 s - a potion of lignification {unknown}
 u - a potion of flight {unknown}
 v - 2 potions of berserk rage {unknown}
 w - a potion of might {unknown}
 B - a potion of magic {unknown}
 C - a potion of cure mutation {unknown}
 D - a potion of cancellation {unknown}
Books
 c - a book of Changes

   Spells                             Type                      Level
   a - Beastly Appendage              Transmutation                1
   b - Sticks to Snakes               Transmutation                2
   c - Spider Form                    Transmutation/Poison         3
   d - Ice Form                       Ice/Transmutation            4
   e - Blade Hands                    Transmutation                5
Comestibles
 d - 3 bread rations
 i - 7 fruits
 l - 2 beef jerkies
 t - a slice of pizza
 z - 2 royal jellies
 A - a meat ration


   Skills:
 - Level 0.7 Fighting
 - Level 1.5 Dodging
 + Level 7.3 Unarmed Combat
 - Level 1.2 Spellcasting
 - Level 1.3 Transmutations


You had 6 spell levels left.
You knew the following spells:

 Your Spells              Type           Power        Failure   Level  Hunger
a - Beastly Appendage     Tmut           #.....       9%          1    ##.....


Dungeon Overview and Level Annotations

Branches:
Dungeon (4/15)
 Temple: D:4-7

Altars:
Ashenzari
Ru
Uskayaw

Annotations:
D:4 groda1's ghost, amateur MiFi


Innate Abilities, Weirdness & Mutations

You are too large for most types of armour.
You have claws for hands.
Your metabolism is lightning-fast.
You like to eat raw meat.
Your natural rate of healing is unusually fast.
You are covered in fur. (AC +1)
You have very tough skin. (AC +2)


Message History

Groda1's ghost is lightly damaged.
Groda1's ghost hits you!
You barely miss groda1's ghost.
Groda1's ghost is lightly damaged.
Groda1's ghost hits you.
You barely miss groda1's ghost.
Groda1's ghost is lightly damaged.
Groda1's ghost closely misses you.
You claw groda1's ghost!
Groda1's ghost is moderately damaged.
You barely miss groda1's ghost.
Groda1's ghost is moderately damaged.
Groda1's ghost barely misses you.
You closely miss groda1's ghost. You claw groda1's ghost.
Groda1's ghost is heavily damaged.
Groda1's ghost hits you.
You closely miss groda1's ghost.
Groda1's ghost is heavily damaged.
Groda1's ghost hits you!
You die...

....... .......
...... .....
###### ...#
#....###...##
#.....#.W...#
#.....#@....#
#.....'.....#
#.....#.....#
#....###..###
#....###..########
#.....#..........
#.....#.........
#.....#........
#.....#...##..#


You could see groda1's ghost.

Vanquished Creatures
  Sigmund (D:2)
  A howler monkey (D:4)
  A hound (D:4)
  4 gnolls (D:3)
  3 adders
  3 worms (D:2)
  4 dart slugs
  2 leopard geckos
  4 orcs (D:3)
  4 goblins
  5 hobgoblins
  12 jackals
  A quokka (D:3)
  2 ball pythons
  7 bats
  3 frilled lizards
  7 kobolds
  8 rats
72 creatures vanquished.

Notes
Turn   | Place    | Note
-------+----------+-------------------------------------------
     0 | D:1      | Faustar the Troll Transmuter began the quest for the Orb.
     0 | D:1      | Reached XP level 1. HP: 18/18 MP: 1/1
   148 | D:1      | Reached XP level 2. HP: 26/26 MP: 2/2
   476 | D:1      | Reached skill level 4 in Unarmed Combat
   692 | D:2      | Reached XP level 3. HP: 32/32 MP: 3/3
   961 | D:2      | Noticed Sigmund
   972 | D:2      | Killed Sigmund
   972 | D:2      | Reached skill level 6 in Unarmed Combat
   972 | D:2      | Reached XP level 4. HP: 28/40 MP: 4/4
   972 | D:2      | Reached XP level 5. HP: 33/46 MP: 5/5
  1096 | D:2      | Found a shattered altar of Ashenzari.
  1338 | D:3      | Found a hide-covered altar of Uskayaw.
  1513 | D:3      | Found a sacrificial altar of Ru.
  1549 | D:3      | Reached XP level 6. HP: 54/54 MP: 6/6
  1633 | D:4      | Reached skill level 7 in Unarmed Combat
  1678 | D:4      | Noticed groda1's ghost (amateur MiFi)
  1691 | D:4      | Slain by groda1's ghost

Skill      XL: |  1  2  3  4  5  6 |
---------------+-------------------+-----
Unarmed Combat | 4 6 7 |  7.3
Fighting       | |  0.7
Dodging        | |  1.5
Spellcasting   | |  1.2
Transmutations | |  1.3

Action                   |  1- 3 |  4- 6 || total
-------------------------+-------+-------++-------
Melee: Unarmed           |   103 |    91 ||   194
       Punch             |     1 |     2 ||     3
 Stab: Sleeping          |     1 |       ||     1
       Distracted        |       |     1 ||     1
  Eat: Chunk             |    14 |     4 ||    18
Armor: Robe              |    36 |    28 ||    64
Dodge: Dodged            |    58 |    37 ||    95
